 Dungeon Crawl Stone Soup version 0.24.0-123-gd5b16e6ec5 (webtiles) character file.

Game seed: 8515388111741404303, levelgen mode: deterministic

1898 Emblim88 the Basher (level 8, -9/81 HPs)
             Began as a Troll Berserker on Jan 13, 2020.
             Was an Elder of Trog.
             Mangled by an orc warrior
             ... wielding a cursed -2 war axe
              (14 damage)
             ... on level 6 of the Dungeon.
             The game lasted 00:13:14 (4737 turns).

Emblim88 the Basher (Troll Berserker)               Turns: 4737, Time: 00:13:15

Health: -9/81      AC:  6    Str: 29    XL:     8   Next: 93%
Magic:  7/7        EV: 13    Int:  4    God:    Trog [****..]
Gold:   200        SH:  4    Dex:  9    Spells: 7/7 levels left

rFire    . . .     SeeInvis .   l - +0 flail (protect)
rCold    . . .     Gourm    +   (no shield)
rNeg     . . .     Faith    .   b - +0 animal skin
rPois    .         Spirit   .   (helmet restricted)
rElec    .         Reflect  +   (no cloak)
rCorr    .         Harm     .   (gloves unavailable)
MR       .....                  (boots unavailable)
Stlth    +.........             k - +4 amulet of reflection
HPRegen  0.63/turn              p - +2 ring of strength
MPRegen  0.10/turn              e - +1 ring of evasion

@: berserk cooldown, slowed, very slow
A: large, unfitting armour, claws 3, fast metabolism 3, gourmand, regeneration
1, shaggy fur 1, tough skin 3
a: Berserk, Trog's Hand, Brothers in Arms, Renounce Religion


You were on level 6 of the Dungeon.
You worshipped Trog.
Trog was greatly pleased with you.
You were full.

You visited 1 branch of the dungeon, and saw 6 of its levels.

You collected 200 gold pieces.

Inventory:

Hand Weapons
 l - a +0 flail of protection (weapon)
Armour
 b - a +0 animal skin (worn)
Jewellery
 e - a +1 ring of evasion (right claw)
 k - a +4 amulet of reflection (around neck)
 p - a +2 ring of strength (left claw)
Wands
 g - a wand of flame (14)
Scrolls
 a - a scroll of immolation {unknown}
 h - 6 scrolls of remove curse
 i - 3 scrolls of teleportation
 n - a scroll of magic mapping {unknown}
Potions
 d - a potion of agility
 f - a potion of cancellation
 m - a potion of degeneration
 o - a potion of ambrosia {unknown}
 q - a potion of lignification
Comestibles
 c - 13 rations


   Skills:
 + Level 5.4 Fighting
 * Level 8.0 Maces & Flails
 + Level 5.4 Dodging


You had 7 spell levels left.
You didn't know any spells.
Your spell library was empty.

Dungeon Overview and Level Annotations

Branches:
Dungeon (6/15)             Temple (0/1) D:5

Altars:
Ashenzari
Fedhas
Hepliaklqana


Innate Abilities, Weirdness & Mutations

You are too large for most types of armour.
You have claws for hands.
Your metabolism is lightning-fast.
You like to eat raw meat.
Your natural rate of healing is unusually fast.
You are covered in fur. (AC +1)
You have extremely tough skin. (AC +3)


Message History

You hit the orc warrior.
Your weapon exudes an aura of protection.
The orc warrior is heavily wounded.
The orc warrior completely misses you.
You closely miss the orc warrior.
The orc warrior is heavily wounded.
The orc warrior hits you with a cursed -2 war axe!
The orc warrior closely misses you.
You hit the orc warrior but do no damage.
Your weapon exudes an aura of protection.
The orc warrior is heavily wounded.
The orc warrior hits you with a cursed -2 war axe!
The orc warrior hits you with a cursed -2 war axe.
* * * LOW HITPOINT WARNING * * *
You barely miss the orc warrior.
The orc warrior is heavily wounded.
The orc warrior hits you with a cursed -2 war axe!!
* * * LOW HITPOINT WARNING * * *
The orc warrior hits you with a cursed -2 war axe!
You die...

...###....##.#### ###
..........##.## #..
##...#....##..# #.#
##<..#....###.#### #.#
..........# #....# ##.#
...#....#.# ####.# #..###.
...###..#.## #.# ##.##...
.....#..#..### #)# ##..#....
.............###@###..#.......
.##..#..#.......o....##.......
.##.......##.###..............
.#.#..............##..#.......
.#..##.#.....#######....#...o.
.............................#
.......##..............#..#.##
.####...............##g##... #
##..#..........g..g# #.#


You could see an orc warrior.

Vanquished Creatures
  Grinder (D:5)
  An orc warrior (D:6)
  2 phantoms (D:4)
  5 centaurs
  A bullfrog (D:3)
  A gnoll sergeant (D:5)
  A scorpion (D:5)
  A centaur zombie (D:6)
  2 crimson imps (D:5)
  A hound (D:4)
  2 orc priests
  6 orc wizards
  2 bullfrog skeletons (D:4)
  6 worker ants
  12 gnolls
  9 adders
  2 shadow imps
  2 worms (D:5)
  3 dart slugs
  A leopard gecko (D:2)
  15 orcs
  3 ball pythons
  6 bats
  3 giant cockroaches
  12 goblins
  10 hobgoblins
  8 kobolds
  2 quokkas
  7 frilled lizards
  8 rats
135 creatures vanquished.

Notes
Turn   | Place    | Note
-------+----------+-------------------------------------------
     0 | D:1      | Emblim88 the Troll Berserker began the quest for the Orb.
     0 | D:1      | Reached XP level 1. HP: 22/22 MP: 0/0
    40 | D:1      | Reached skill level 3 in Maces & Flails
    43 | D:1      | Reached XP level 2. HP: 27/29 MP: 1/1
   984 | D:2      | Reached XP level 3. HP: 36/36 MP: 2/2
  1039 | D:2      | Reached ** piety under Trog
  1257 | D:2      | Found a hazy altar of Hepliaklqana.
  1655 | D:3      | Reached XP level 4. HP: 31/44 MP: 3/3
  2169 | D:3      | Found a blossoming altar of Fedhas.
  2272 | D:3      | Reached skill level 4 in Maces & Flails
  2435 | D:3      | Noticed a bullfrog
  2460 | D:3      | Killed a bullfrog
  2460 | D:3      | Reached XP level 5. HP: 26/53 MP: 4/4
  2619 | D:4      | Noticed a phantom
  2646 | D:4      | Killed a phantom
  2646 | D:4      | Reached XP level 6. HP: 61/61 MP: 5/5
  2712 | D:4      | Reached skill level 5 in Maces & Flails
  2767 | D:4      | Reached XP level 7. HP: 33/68 MP: 6/6
  3069 | D:4      | Reached *** piety under Trog
  3318 | D:5      | Entered Level 5 of the Dungeon
  3328 | D:5      | Reached skill level 6 in Maces & Flails
  3525 | D:5      | Noticed Grinder
  3548 | D:5      | Paralysed by Grinder for 5 turns
  3573 | D:5      | Killed Grinder
  3573 | D:5      | Reached XP level 8. HP: 53/79 MP: 7/7
  3700 | D:5      | Found a shattered altar of Ashenzari.
  3787 | D:5      | Reached skill level 7 in Maces & Flails
  3909 | D:5      | Found a staircase to the Ecumenical Temple.
  4013 | D:5      | Reached skill level 5 in Fighting
  4013 | D:5      | Reached skill level 5 in Dodging
  4618 | D:6      | Reached skill level 8 in Maces & Flails
  4708 | D:6      | Reached **** piety under Trog
  4737 | D:6      | Mangled by an orc warrior

Levels and vault maps discovered:
D:1:      nagdon_arrival_double_spiral, layout_basic,
          kennysheep_decorative_pillar
D:2:      layout_basic, grunt_decor_cap, lemuel_statue_altar
D:3:      layout_basic, nrook_mini_backslash, fedhas_altar_1
D:4:      layout_basic, kennysheep_path_1, st_stairs_13,
          kennysheep_generic_room_15
D:5:      layout_cave_pools, evilmike_ruin_ashenzari,
          minmay_temple_entry_statues_pillars, first_ration,
          serial_column_ruins, column_ruins_open_tiny,
          column_ruins_columns_corner, column_ruins_open_medium,
          column_ruins_grid_1, column_ruins_columns_straight,
          column_ruins_columns_straight, uniq_grinder
D:6:      layout_rooms, nicolae_overflow_quartered_altars

Skill      XL: |  1  2  3  4  5  6  7  8 |
---------------+-------------------------+-----
Maces & Flails | 3 4 5 6 8 |  8.0
Fighting       | 3 4 5 |  5.4
Dodging        | 3 4 5 |  5.4

Action                   |  1- 3 |  4- 6 |  7- 9 || total
-------------------------+-------+-------+-------++-------
Melee: Mace              |    79 |       |       ||    79
       Flail             |    35 |   163 |   273 ||   471
Invok: Berserk           |     1 |     1 |     5 ||     7
       Trog's Hand       |       |     1 |     1 ||     2
  Use: Potion            |       |     4 |     3 ||     7
       Scroll            |       |       |     8 ||     8
  Eat: Chunk             |    19 |     7 |    28 ||    54
Armor: Animal skin       |    42 |   113 |   108 ||   263
Dodge: Dodged            |    70 |   112 |   165 ||   347
Block: Other             |       |    29 |    53 ||    82
       Reflection        |       |     1 |     1 ||     2
